 Dungeon Crawl Stone Soup version 0.31-a0-435-g2c6fae2916 (webtiles) character file.

Game seed: 4127524239632619047

52 senseless the Ruffian (level 3, -5/28 HPs)
             Began as a Demigod Shapeshifter on Aug 1, 2023.
             Slain by an orc
             ... wielding a +0 trident
              (6 damage)
             ... on level 3 of the Dungeon.
             The game lasted 00:01:49 (1604 turns).

senseless the Ruffian (Demigod Shapeshifter)        Turns: 1604, Time: 00:01:49

Health: -5/28      AC:  2    Str: 20    XL:     3   Next: 39%
Magic:  5/5        EV: 12    Int: 10    God:
Gold:   85         SH:  0    Dex: 14    Spells: 2/2 levels left

rFire   . .          .
                       - Unarmed
rCold   . . .        (no shield)
rNeg    . . .        a - +0 animal skin
rPois   .            (helmet currently unavailable)
rElec   .            (cloak currently unavailable)
rCorr   .            (gloves currently unavailable)
SInv    .            (boots currently unavailable)
Will    .....        (no amulet)
Stlth   +            k - ring of wizardry
HPRegen 0.24/turn    (no ring)
MPRegen 0.09/turn

%: wizardry (x1)
@: beast-form
A: beast (slay +2), high MP 1, forlorn, divine attributes
a: Begin Untransformation


You were on level 3 of the Dungeon.
You were a hulking beast.
You visited 1 branch of the dungeon, and saw 3 of its levels.

You collected 85 gold pieces.

Inventory:

Armour
 a - a +0 animal skin (worn)
Jewellery
 k - a ring of wizardry (left hand)
Talismans
 c - a beast talisman (active)
Scrolls
 f - 5 scrolls of identify {unknown}
 g - 2 scrolls of blinking {unknown}
Potions
 b - 2 potions of lignification
 d - a potion of enlightenment {unknown}
 e - a potion of berserk rage {unknown}
 h - a potion of mutation {unknown}
 i - a potion of magic {unknown}
 j - 2 potions of curing {unknown}


   Skills:
 + Level 1.6 Fighting
 + Level 2.3 Dodging
 + Level 3.1 Unarmed Combat
 + Level 3.0 Shapeshifting


You had 2 spell levels left.
You didn't know any spells.
Your spell library contained the following spells:

 Spells                   Type           Power      Damage    Failure   Level
 Kiss of Death            Conj/Necr      0%         2d5       16%         1
 Confusing Touch          Hex            0%         N/A       41%         3
 Dispel Undead            Necr           0%         3d6       80%         4


Dungeon Overview and Level Annotations

Branches:
Dungeon (3/15)


Innate Abilities, Weirdness & Mutations

You are a hulking beast.
Your limbs bulge with bestial killing power. (Slay +2)
You have an increased reservoir of magic. (+10% MP)
You shall have no god before yourself.
Your divine heritage dramatically boosts your attributes as you level up.


Message History

The orc barely misses you. The orc wizard barely misses you.
You hit the orc wizard.
The orc wizard is heavily wounded.
The orc barely misses you. The orc wizard closely misses you.
The orc closely misses you.
You hit the orc wizard.
The orc wizard is severely wounded.
The orc barely misses you. The orc wizard casts a spell at you.
You are confused.
The orc priest calls upon Beogh to heal the orc wizard.
The orc wizard is healed somewhat.
The orc closely misses you.
You closely miss the orc wizard.
The orc wizard is heavily wounded.
The orc hits you from afar with a +0 trident.
The orc wizard closely misses you. The orc hits you with a +0 club.
You bump into the rock wall.
The orc barely misses you.
The orc wizard hits you but does no damage.
The orc priest calls upon Beogh to heal the orc wizard.
The orc wizard is healed somewhat.
The orc hits you but does no damage.
You barely miss the orc wizard.
The orc wizard is lightly wounded.
The orc barely misses you. The orc wizard barely misses you.
The orc barely misses you.
You barely miss the orc wizard.
The orc wizard is lightly wounded.
The orc barely misses you. The orc wizard closely misses you.
The orc priest calls upon Beogh to heal the orc wizard.
The orc wizard's wounds heal themselves!
The hobgoblin hits you. The orc closely misses you.
You bump into the rock wall.
The orc hits you from afar with a +0 trident!
* * * LOW HITPOINT WARNING * * *
The orc wizard hits you but does no damage.
The hobgoblin barely misses you. The orc hits you with a +0 club.
* * * LOW HITPOINT WARNING * * *
You hit the orc wizard but do no damage.
You feel less confused.
The orc hits you from afar with a +0 trident.
You die...

#.#.##........
#..>...#######
###.#.#####
#.....†...#
###.....#<#
#.#.#.#
#.#...#
##.goo# ##h#.#
#o#...


oo...... ##.###.... ..# #.## ### .# You could see 2 orc priests, an orc wizard,
2 orcs and a hobgoblin.

Vanquished Creatures
  An adder (D:2)
  A dart slug (D:2)
  3 ball pythons
  2 endoplasms
  3 giant cockroaches
  7 goblins
  3 hobgoblins
  3 kobolds
  3 quokkas
  4 bats
  A frilled lizard (D:1)
  6 rats
37 creatures vanquished.

Notes
Turn   | Place    | Note
-------+----------+-------------------------------------------
     0 | D:1      | senseless the Demigod Shapeshifter began the quest for the
                  | Orb.
     0 | D:1      | Reached XP level 1. HP: 15/15 MP: 3/3
   186 | D:1      | Reached skill level 1 in Fighting
   568 | D:1      | Reached XP level 2. HP: 20/23 MP: 4/4
  1100 | D:2      | Reached XP level 3. HP: 24/28 MP: 5/5
  1603 | D:3      | HP: 1/28 [orc/+0 club (4)]
  1604 | D:3      | Slain by an orc

Illustrated notes

Levels and vault maps discovered:
D:1:      reono_arrival_mine, layout_loops_corners, minmay_octomino_e4
D:2:      layout_basic
D:3:      layout_basic, hellmonk_ecumenical_altar_arch_garden,
          gammafunk_ghost_mausoleum, uniq_grinder

Skill      XL: |  1  2  3 |
---------------+----------+-----
Fighting       | 1 |  1.6
Dodging        | 2 |  2.3
Unarmed Combat | 3 |  3.1
Shapeshifting  | 3 |  3.0

Action                     || total
---------------------------++-------
  Melee: Unarmed           ||   129
   Stab: Sleeping          ||     3
 Armour: Animal skin       ||    29
  Dodge: Dodged            ||    77

Table legend: (Time is in decaauts)
 A = Elapsed time spent in this place.
 B = Non-inter-level travel time spent in this place.
 C = Inter-level travel time spent in this place.
 D = Time resting spent in this place.
 E = Time spent auto-exploring this place.
 F = Levels seen in this place.
 G = Mean time per level.
                   A        B        C        D        E       F      G
               +--------+--------+--------+--------+--------+-----+--------+
         Total |   1596 |   1573 |     23 |      0 |   1320 |   3 |  532.0 |
       Dungeon |   1596 |   1573 |     23 |      0 |   1320 |   3 |  532.0 |
               +--------+--------+--------+--------+--------+-----+--------+

Top non-repeatable levels by time:
     D:1: 945 daAuts
     D:2: 575 daAuts
     D:3: 75 daAuts
